 Dungeon Crawl Stone Soup version 0.31-a0-237-g2d982f9f85 (webtiles) character file.

Game seed: 7378798280966783076

5142 quinnr the Destroyer (level 10, -1/60 HPs)
             Began as a Tengu Air Elementalist on July 11, 2023.
             Was a Believer of Vehumet.
             Slain by a sun demon (11 damage)
             ... on level 10 of the Dungeon.
             The game lasted 00:24:36 (11422 turns).

quinnr the Destroyer (Tengu Air Elementalist)      Turns: 11422, Time: 00:24:37

Health: -1/60      AC:  9    Str:  9    XL:     10   Next: 58%
Magic:  4/17       EV: 16    Int: 20    God:    Vehumet [**....]
Gold:   346        SH:  5    Dex: 14    Spells: 11/17 levels left

rFire   + . .        n - staff of conjuration {!a}
rCold   . . .        (no shield)
rNeg    . . .        a - +0 robe
rPois   +            y - +0 hat
rElec   .            r - +2 cloak {rPois}
rCorr   .            (no gloves)
SInv    .            (boots unavailable)
Will    .....        G - amulet of reflection
Stlth   +++          T - +4 ring of protection
HPRegen 0.30/turn    F - ring of protection from fire
MPRegen 0.15/turn

%: reflection
@: flying quickly and evasively, quick
A: beak, talons 3, nimble flight
a: Renounce Religion


You were on level 10 of the Dungeon.
You worshipped Vehumet.
Vehumet was pleased with you.
You visited 2 branches of the dungeon, and saw 11 of its levels.
You also visited: Sewer.

You collected 682 gold pieces.
You spent 336 gold pieces at shops.


Innate Abilities, Weirdness & Mutations

You have a beak for a mouth.
You have claws for feet.
Your magical nature lets you fly swiftly and evasively.


   Skills:
 + Level 5.7 Fighting
 - Level 5.0 Dodging
 - Level 4.0 Stealth
 - Level 4.0 Spellcasting
 - Level 13.0 Conjurations
 - Level 5.0 Ice Magic
 - Level 4.0 Air Magic
 - Level 5.0 Evocations


You had 11 spell levels left.
You knew the following spells:

 Your Spells              Type           Power      Damage    Failure   Level
s - Searing Ray           Conj           100%       2d8       1%          2
z - Shock                 Conj/Air       100%       1d9       1%          1
X - Hailstorm             Conj/Ice       56%        3d12      1%          3

Your spell library contained the following spells:

 Spells                   Type           Power      Damage    Failure   Level
 Scorch                   Fire           8%         2d5       19%         2
 Magic Dart               Conj           100%       1d8       1%          1
 Static Discharge         Conj/Air       100%       2-7/arc   1%          2
 Swiftness                Air            20%        N/A       8%          3
 Fulminant Prism          Conj/Hex       22%        3d12      9%          4
 Airstrike                Air            10%        2d(2-18)  24%         4
 Inner Flame              Hex/Fire       4%         N/A       36%         3
 Ice Form                 Ice/Tmut       14%        N/A       41%         4
 Yara's Violent Unravell  Hex/Tmut       2%         3d3       98%         5
 Simulacrum               Ice/Necr       7%         N/A       100%        6
 Enfeeble                 Hex            2%         N/A       100%        7

Inventory:

Hand Weapons
 o - a +2 spectral quarterstaff
 E - a +2 vampiric dagger
Armour
 a - a +0 robe (worn)
 r - a +2 cloak of poison resistance (worn)
 y - a +0 hat (worn)
Magical Staves
 e - a staff of cold {!a}
 h - a staff of fire {!a}
 n - a staff of conjuration (weapon) {!a}
Jewellery
 q - an amulet of the acrobat
 v - a ring of see invisible
 F - a ring of protection from fire (right hand)
 G - an amulet of reflection (around neck)
 P - a ring of poison resistance
 T - a +4 ring of protection (left hand)
Wands
 t - a wand of flame (4)
 J - a wand of mindburst (12)
Scrolls
 f - 2 scrolls of vulnerability {unknown}
 j - 5 scrolls of teleportation {unknown}
 k - a scroll of brand weapon
 l - 3 scrolls of enchant weapon {unknown}
 m - 2 scrolls of blinking
 u - a scroll of butterflies {unknown}
 w - a scroll of fear {unknown}
 x - 3 scrolls of fog {unknown}
 A - a scroll of silence {unknown}
 B - a scroll of poison {unknown}
 D - 2 scrolls of enchant armour {unknown}
 H - 2 scrolls of noise {unknown}
 I - a scroll of torment {unknown}
 K - 2 scrolls of immolation {unknown}
 L - 2 scrolls of revelation {unknown}
Potions
 b - a potion of magic
 d - 2 potions of attraction
 g - 2 potions of curing {@q1}
 i - 2 potions of brilliance
 p - a potion of haste {@q3}
 s - 3 potions of lignification
 z - a potion of degeneration
 C - 3 potions of mutation

Dungeon Overview and Level Annotations

Branches:
Dungeon (10/15)            Temple (1/1) D:7             Orc (0/2) D:9
  Sewer (visited)
   Lair: D:8-11

Altars:
Ashenzari
Cheibriados
Dithmenos
Elyvilon
Hepliaklqana
Makhleb
Nemelex Xobeh
Okawaru
Ru
Sif Muna
Trog
Uskayaw
Vehumet
Wu Jian
Xom
Yredelemnul
The Shining One

Shops:
D:2 *   D:9 =* D:10

[ ## . .. .. #. #
... #. ####..#
P..##. ####.....# .
.###...#####<3@.#
...........[††.####
.....####...######
....∩.)............
c..###..####.####..
#..## ... .... ..##
...##. #.< ...# ..
...


You could see a sun demon.


Message History

Okay, then.
You feel better.
The sun demon hits you but does no damage.
Casting: Searing Ray (safe; 1% risk of failure)
Confirm with . or Enter, or press ? or * to list all spells.
Aiming: Searing Ray (safe; 1% risk of failure)
Press: ? - help, Shift-Dir - straight line You feel a surge of power!
The searing ray hits the sun demon!
The sun demon is almost dead. (Press . to maintain the ray.)
You block the sun demon's attack.
Unknown command.
The searing ray hits the sun demon but does no damage.
The sun demon is almost dead.
The sun demon barely misses you.
The searing ray misses the sun demon.
You feel less wooden.
Your +2 cloak of poison resistance unmelds from your body.
Your +0 hat unmelds from your body.
Your +0 robe unmelds from your body.
You feel resistant to poison. You block the sun demon's attack.
The sun demon hits you but does no damage.
The searing ray hits the sun demon.
The sun demon is almost dead.
You finish channelling your searing ray.
You block the sun demon's attack.
Unknown command.
Unknown command.
The sun demon attacks as you move away! The sun demon barely misses you.
The sun demon attacks as you move away! The sun demon hits you!
You die...

Skill      XL: |  1  2  3  4  5  6  7  8  9 10 |
---------------+-------------------------------+-----
Conjurations   | 2 3 4 5 6 8 9 13 | 13.0
Fighting       | 1 3 5 |  5.7
Ice Magic      | 1 2 3 4 5 |  5.0
Dodging        | 3 5 |  5.0
Spellcasting   | 3 4 |  4.0
Stealth        | 3 4 |  4.0
Evocations     | 1 5 |  5.0
Air Magic      | |  4.0

Action                     |  1- 3 |  4- 6 |  7- 9 | 10-12 || total
---------------------------+-------+-------+-------+-------++-------
  Melee: Staff             |       |       |    14 |     5 ||    19
         Kick              |       |       |     2 |     1 ||     3
         Peck              |       |       |     1 |     2 ||     3
   Cast: Shock             |    63 |   154 |   225 |    24 ||   466
         Hailstorm         |       |     4 |    37 |     9 ||    50
         Searing Ray       |       |       |     7 |     6 ||    13
  Evoke: Wand              |       |       |       |     3 ||     3
    Use: Scroll            |     4 |       |     4 |     2 ||    10
         Potion            |       |       |     2 |     4 ||     6
 Armour: Robe              |     3 |     2 |    23 |     8 ||    36
         Skin              |       |       |       |    13 ||    13
  Dodge: Dodged            |     8 |    11 |    40 |    18 ||    77
  Block: Other             |       |       |       |     9 ||     9

Levels and vault maps discovered:
D:1:      nagdon_arrival_zigzag_paths, layout_basic, serial_forest,
          infiniplex_forest_side_room, infiniplex_forest_straight_3,
          infiniplex_forest_clump_medium, infiniplex_forest_zigzag_2,
          infiniplex_forest_clump_double, infiniplex_forest_side_room,
          infiniplex_forest_straight_2
D:2:      layout_loops_corners, serial_shops, shop,
          ebering_ecumenical_altar_box, basic_altar, minmay_misc_feat_doors
D:3:      layout_basic, mainiacjoe_overflow_catwalk,
          mainiacjoe_overflow_divided_tiny, mainiacjoe_overflow_paths,
          uniq_robin, uniq_crazy_yiuf_cottage
D:4:      layout_rooms, chequers_temple_overflow_statue_of_worship,
          cheibrodos_sewer_entry_drain
D:5:      layout_rooms, okawaru_gym_becter
D:6:      minmay_evil_eye, layout_cave_pods, serial_rivers,
          chequers_serial_rivers_small_b, chequers_serial_rivers_small_3,
          chequers_serial_rivers_room_b, chequers_serial_rivers_small_a
D:7:      layout_loops_cross, minmay_temple_entry_offerings
D:8:      layout_basic, tgw_sif, mainiacjoe_overflow_boulevard
D:9:      layout_big_octagon, mainiacjoe_overflow_concentric_impassable,
          serial_shops, shop, nicolae_elemental_shop
D:10:     minmay_chambers_of_sevens, layout_rooms, grunt_gozag_breadcrumbs,
          serial_demonic, serial_demonic_c, serial_demonic_g, serial_demonic_e,
          serial_demonic_c, serial_shops, shop
Temple:   nicolae_temple_bog_church

Notes
Turn   | Place    | Note
-------+----------+-------------------------------------------
     0 | D:1      | quinnr the Tengu Air Elementalist began the quest for the
                  | Orb.
     0 | D:1      | Reached XP level 1. HP: 10/10 MP: 4/4
   207 | D:1      | Reached skill level 2 in Conjurations
   322 | D:1      | Reached XP level 2. HP: 15/15 MP: 3/6
   395 | D:1      | Reached skill level 3 in Conjurations
   946 | D:2      | Found an ornate altar of the Wu Jian Council.
   989 | D:2      | Reached XP level 3. HP: 14/19 MP: 1/7
  1048 | D:2      | Reached skill level 4 in Conjurations
  1384 | D:2      | Found Loaluowk's Assorted Antiques.
  1389 | D:2      | Bought a scroll labelled USUXZIZITH for 24 gold pieces
  1389 | D:2      | Bought a scroll labelled ZOUSOK JOEXOYQ for 24 gold pieces
  1501 | D:2      | Learned a level 3 spell: Hailstorm
  1816 | D:2      | Found a faded altar of an unknown god.
  1907 | D:2      | Reached XP level 4. HP: 24/24 MP: 6/8
  2353 | D:2      | Reached skill level 1 in Fighting
  2446 | D:3      | Found an ornate altar of the Wu Jian Council.
  2447 | D:3      | Found a snail-covered altar of Cheibriados.
  2607 | D:4      | Found a burning altar of Makhleb.
  2623 | D:4      | Found a shadowy altar of Dithmenos.
  2635 | D:4      | Reached skill level 1 in Ice Magic
  2703 | D:4      | Gained mutation: Your magical nature lets you fly swiftly
                  | and evasively. [Tengu growth]
  2703 | D:4      | Reached XP level 5. HP: 22/29 MP: 2/9
  2705 | D:4      | Reached skill level 3 in Dodging
  2713 | D:4      | Found a glowing drain.
  2722 | Sewer    | Entered a sewer
  3309 | Sewer    | Reached skill level 3 in Spellcasting
  3309 | Sewer    | Reached skill level 5 in Conjurations
  3596 | Sewer    | Reached skill level 2 in Ice Magic
  3597 | Sewer    | Reached XP level 6. HP: 34/34 MP: 8/11
  3911 | D:3      | Noticed Robin
  3912 | D:3      | Reached skill level 6 in Conjurations
  3935 | D:3      | Killed Robin
  4008 | D:3      | Found a runed translucent door.
  4009 | D:3      | Noticed Crazy Yiuf
  4021 | D:3      | Killed Crazy Yiuf
  4022 | D:3      | Reached skill level 3 in Ice Magic
  4340 | D:3      | Found a white marble altar of Elyvilon.
  4472 | D:3      | Reached XP level 7. HP: 38/38 MP: 10/12
  4530 | D:3      | Found a hazy altar of Hepliaklqana.
  4841 | D:4      | Reached skill level 7 in Conjurations
  5205 | D:5      | Entered Level 5 of the Dungeon
  5406 | D:5      | Reached skill level 4 in Ice Magic
  5685 | D:5      | Reached skill level 8 in Conjurations
  5685 | D:5      | Reached XP level 8. HP: 43/43 MP: 7/13
  5762 | D:5      | Found an iron altar of Okawaru.
  6149 | D:5      | Reached skill level 5 in Ice Magic
  6534 | D:6      | Reached skill level 9 in Conjurations
  6940 | D:6      | Reached skill level 2 in Fighting
  7145 | D:2      | Bought a scroll labelled TYMEOT ZEHESH for 24 gold pieces
  7145 | D:2      | Bought a scroll of identify for 48 gold pieces
  7145 | D:2      | Bought a murky cyan potion for 21 gold pieces
  7903 | D:7      | Reached skill level 3 in Stealth
  7999 | D:7      | Reached skill level 3 in Fighting
  7999 | D:7      | Reached skill level 1 in Evocations
  8099 | D:7      | Found a staircase to the Ecumenical Temple.
  8110 | Temple   | Entered the Ecumenical Temple
  8130 | Temple   | Became a worshipper of Vehumet
  8134 | Temple   | Learned a level 2 spell: Searing Ray
  8386 | D:7      | Reached XP level 9. HP: 46/50 MP: 10/15
  8490 | D:7      | Reached skill level 4 in Spellcasting
  8533 | D:7      | Reached skill level 2 in Evocations
  8578 | D:8      | Reached skill level 4 in Stealth
  8646 | D:8      | Reached skill level 10 in Conjurations
  8798 | D:8      | Reached skill level 3 in Evocations
  8870 | D:8      | Reached * piety under Vehumet
  8870 | D:8      | Offered knowledge of Kiss of Death by Vehumet.
  9514 | D:8      | Reached skill level 4 in Evocations
  9801 | D:8      | Reached skill level 11 in Conjurations
  9831 | D:8      | Found a shimmering blue altar of Sif Muna.
  9901 | D:8      | Reached skill level 5 in Evocations
 10075 | D:8      | Found a hide-covered altar of Uskayaw.
 10558 | D:8      | Found a shimmering blue altar of Sif Muna.
 10597 | D:8      | Found a hide-covered altar of Uskayaw.
 10760 | D:9      | Noticed a two-headed ogre
 10770 | D:9      | Killed a two-headed ogre
 10771 | D:9      | Reached skill level 13 in Conjurations
 10771 | D:9      | Reached XP level 10. HP: 56/56 MP: 7/17
 11001 | D:9      | Found Wit Wireaj's Elemental Accessories.
 11045 | D:9      | Found a bloodstained altar of Trog.
 11119 | D:9      | Found Ywicvan's Jewellery Boutique.
 11131 | D:9      | Found a staircase to the Orcish Mines.
 11158 | D:9      | Bought a ring of see invisible for 195 gold pieces
 11178 | D:10     | Entered Level 10 of the Dungeon
 11183 | D:10     | Found Qoqoekk's Armour Shop.
 11200 | D:10     | Reached skill level 4 in Fighting
 11200 | D:10     | Reached skill level 4 in Dodging
 11262 | D:10     | Offered knowledge of Scorch by Vehumet.
 11276 | D:9      | Reached ** piety under Vehumet
 11381 | D:10     | Reached skill level 5 in Fighting
 11381 | D:10     | Reached skill level 5 in Dodging
 11389 | D:10     | HP: 3/88 [ice devil (11)]
 11398 | D:10     | Noticed a sun demon
 11412 | D:10     | HP: 8/90 [sun demon (9)]
 11412 | D:10     | HP: 1/90 [sun demon (7)]
 11422 | D:10     | Slain by a sun demon

Vanquished Creatures
  A two-headed ogre (D:9)
  An ice devil (D:10)
  6 yaks
  3 steam dragons (D:8)
  An acid dragon (D:10)
  3 water moccasins
  An ice beast (D:7)
  2 ogres
  3 centaurs
  A phantom (D:4)
  A gnoll sergeant (D:9)
  3 kobold brigands
  3 bullfrogs
  A scorpion (D:6)
  7 wights (D:8)
  3 howler monkeys (D:7)
  3 hounds
  A gnoll bouda (D:5)
  3 orc priests (D:7)
  3 sleepcaps
  Crazy Yiuf (D:3)
  5 iguanas
  10 orc wizards
  Robin (D:3)
  11 gnolls
  14 adders
  2 white imps
  2 dart slugs
  13 orcs
  15 endoplasms
  8 giant cockroaches
  10 goblins
  10 hobgoblins
  23 kobolds
  12 quokkas
  16 ball pythons
  6 bats
  14 frilled lizards
  4 rats
227 creatures vanquished.

Vanquished Creatures (others)
  A wight (D:8)
1 creature vanquished.

Grand Total: 228 creatures vanquished

Table legend: (Time is in decaauts)
 A = Elapsed time spent in this place.
 B = Non-inter-level travel time spent in this place.
 C = Inter-level travel time spent in this place.
 D = Time resting spent in this place.
 E = Time spent auto-exploring this place.
 F = Levels seen in this place.
 G = Mean time per level.
                   A        B        C        D        E       F      G
               +--------+--------+--------+--------+--------+-----+--------+
         Total |  10978 |  10175 |    803 |   1157 |   7352 |  12 |  914.8 |
       Dungeon |   9879 |   9081 |    798 |   1096 |   6510 |  10 |  987.9 |
        Temple |     26 |     22 |      4 |      0 |      4 |   1 |   26.0 |
         Sewer |   1072 |   1072 |      0 |     61 |    837 |   1 | 1072.0 |
               +--------+--------+--------+--------+--------+-----+--------+

Top non-repeatable levels by time:
     D:8: 1598 daAuts
     D:2: 1546 daAuts
     D:6: 1267 daAuts
     D:7: 1145 daAuts
   Sewer: 1072 daAuts
     D:4: 1050 daAuts
     D:1: 945 daAuts
     D:3: 920 daAuts
     D:5: 807 daAuts
     D:9: 506 daAuts
    D:10: 91 daAuts
  Temple: 26 daAuts

Table legend:
 A = Non-vault XP
 B = Vault XP
 C = Vault XP percentage of total XP
 D = Non-vault monster count
 E = Vault monster count
 F = Vault count percentage of total count
                 A         B        C        D         E       F
            +---------+---------+-------+---------+---------+-------
      Total |    6351 |     996 |  13.6 |     157 |      71 |  31.1
            +---------+---------+-------+---------+---------+-------
        D:1 |      22 |       0 |   0.0 |      12 |       0 |   0.0
        D:2 |      80 |       0 |   0.0 |      27 |       0 |   0.0
        D:3 |      43 |      81 |  65.3 |      12 |      14 |  53.8
        D:4 |     328 |       4 |   1.2 |      10 |       2 |  16.7
        D:5 |     550 |       0 |   0.0 |      20 |       0 |   0.0
        D:6 |     344 |     237 |  40.8 |       9 |       4 |  30.8
        D:7 |     752 |       0 |   0.0 |      22 |       0 |   0.0
        D:8 |    1532 |      35 |   2.2 |      30 |       1 |   3.2
        D:9 |    1409 |       0 |   0.0 |       8 |       0 |   0.0
       D:10 |    1291 |     335 |  20.6 |       7 |       1 |  12.5
      Sewer |       0 |     304 | 100.0 |       0 |      49 | 100.0
            +---------+---------+-------+---------+---------+-------

Levels and vault maps discovered:
D:1:      nagdon_arrival_zigzag_paths, layout_basic, serial_forest,
          infiniplex_forest_side_room, infiniplex_forest_straight_3,
          infiniplex_forest_clump_medium, infiniplex_forest_zigzag_2,
          infiniplex_forest_clump_double, infiniplex_forest_side_room,
          infiniplex_forest_straight_2
D:2:      layout_loops_corners, serial_shops, shop,
          ebering_ecumenical_altar_box, basic_altar, minmay_misc_feat_doors
D:3:      layout_basic, mainiacjoe_overflow_catwalk,
          mainiacjoe_overflow_divided_tiny, mainiacjoe_overflow_paths,
          uniq_robin, uniq_crazy_yiuf_cottage
D:4:      layout_rooms, chequers_temple_overflow_statue_of_worship,
          cheibrodos_sewer_entry_drain
D:5:      layout_rooms, okawaru_gym_becter
D:6:      minmay_evil_eye, layout_cave_pods, serial_rivers,
          chequers_serial_rivers_small_b, chequers_serial_rivers_small_3,
          chequers_serial_rivers_room_b, chequers_serial_rivers_small_a
D:7:      layout_loops_cross, minmay_temple_entry_offerings
D:8:      layout_basic, tgw_sif, mainiacjoe_overflow_boulevard
D:9:      layout_big_octagon, mainiacjoe_overflow_concentric_impassable,
          serial_shops, shop, nicolae_elemental_shop
D:10:     minmay_chambers_of_sevens, layout_rooms, grunt_gozag_breadcrumbs,
          serial_demonic, serial_demonic_c, serial_demonic_g, serial_demonic_e,
          serial_demonic_c, serial_shops, shop
Temple:   nicolae_temple_bog_church
